 Dungeon Crawl Stone Soup version 0.31-a0-1352-gc98d92de7d (webtiles) character file.

Game seed: 4941705488885792656

410 shadizar the Slasher (level 6, -2/51 HPs)
             Began as a Gnoll Reaver on Dec 22, 2023.
             Slain by a gnoll bouda
             ... wielding a +0 club
              (7 damage)
             ... on level 3 of the Dungeon.
             The game lasted 00:10:10 (3920 turns).

shadizar the Slasher (Gnoll Reaver)                 Turns: 3920, Time: 00:10:11

Health: -2/51      AC: 16    Str: 14    XL:     6   Next: 89%
Magic:  14/14      EV:  8    Int: 12    God:
Gold:   200        SH:  0    Dex: 10    Spells: 15/16 levels left

rFire   . . .        w - +4 mace (protect)
rCold   . . .        (no shield)
rNeg    . . .        o - +0 chain mail
rPois   .            (no helmet)
rElec   .            i - +0 cloak
rCorr   .            (no gloves)
SInv    +            (no boots)
Will    .....        (no amulet) Stlth
                     s - ring of see invisible
HPRegen 0.28/turn    (no ring)
MPRegen 0.14/turn

%: no passive effects
@: weakened, under a protective aura
A: fangs 1, strong nose, distributed training
a: no special abilities


You were on level 3 of the Dungeon.
You visited 1 branch of the dungeon, and saw 4 of its levels.

You collected 200 gold pieces.

Inventory:

Hand Weapons
 a - a +0 falchion
 r - a +0 morningstar
 u - a +1 war axe of freezing
 w - a +4 mace of protection (weapon)
Missiles
 e - 43 stones
 m - 2 boomerangs (quivered)
Armour
 b - a +0 leather armour
 i - a +0 cloak (worn)
 o - a +0 chain mail (worn)
 q - a +0 plate armour
Jewellery
 s - a ring of see invisible (left hand)
 v - an amulet of guardian spirit
 x - a ring of flight
Scrolls
 f - 2 scrolls of teleportation
 j - a scroll of fog
 l - 2 scrolls of immolation
 p - a scroll of poison {unknown}
 t - a scroll of identify
Potions
 c - 2 potions of ambrosia
 d - 2 potions of degeneration {unknown}
 g - 2 potions of berserk rage {unknown}
 h - a potion of enlightenment {unknown}
 k - a potion of curing {unknown}
 n - 4 potions of heal wounds {unknown}


   Skills:
 + Level 5.1 Fighting
 + Level 2.2 Short Blades
 + Level 6.9 Long Blades
 + Level 2.2 Axes
 + Level 2.2 Maces & Flails
 + Level 2.2 Polearms
 + Level 2.2 Staves
 + Level 2.2 Ranged Weapons
 + Level 2.2 Throwing
 + Level 2.2 Armour
 + Level 5.1 Dodging
 + Level 2.2 Stealth
 + Level 2.2 Shields
 + Level 2.2 Unarmed Combat
 + Level 5.5 Spellcasting
 + Level 5.7 Conjurations
 + Level 1.8 Hexes
 + Level 1.8 Summonings
 + Level 1.8 Necromancy
 + Level 1.8 Translocations
 + Level 1.8 Fire Magic
 + Level 1.8 Ice Magic
 + Level 1.8 Air Magic
 + Level 1.8 Earth Magic
 + Level 1.8 Alchemy
 + Level 2.5 Invocations
 + Level 2.2 Evocations
 + Level 2.0 Shapeshifting


You had 15 spell levels left.
You knew the following spells:

 Your Spells              Type           Power      Damage    Failure   Level
a - Kiss of Death         Conj/Necr      48%        2d9       56%         1

Your spell library contained the following spells:

 Spells                   Type           Power      Damage    Failure   Level
 Momentum Strike          Conj/Tloc      24%        3d8       71%         2
 Hailstorm                Conj/Ice       12%        3d6       90%         3
 Summon Forest            Summ/Tloc      3%         N/A       100%        5
 Eringya's Noxious Bog    Alch           3%         4d6       100%        6
 Summon Hydra             Summ           3%         N/A       100%        7


Dungeon Overview and Level Annotations

Branches:
Dungeon (4/15)
 Temple: D:4-7

Altars:
Yredelemnul

Shops:
D:2 *[[(   D:3 (

Annotations:
D:4 Menkaure


Innate Abilities, Weirdness & Mutations

You have very sharp teeth.
Your uncanny sense of smell can sniff out nearby items.
Your experience applies equally to all skills.


Message History

The gnoll bouda attacks as it pursues you!
The gnoll bouda hits you with a +0 club.
The gnoll bouda attacks as it pursues you!
The gnoll bouda completely misses you.
The orc wizard mumbles some strange words.
The orc wizard flickers and vanishes for a moment.
The gnoll bouda attacks as it pursues you!
The gnoll bouda hits you with a +0 club.
* * * LOW HITPOINT WARNING * * *
Menkaure sighs in an indecipherable tongue.
The gnoll bouda gazes fiercely through you!
You feel your attacks grow feeble.
The gnoll bouda attacks as it pursues you!
The gnoll bouda hits you but does no damage.
The gnoll bouda gazes fiercely through you!
You feel as though you will be weak longer.
The gnoll bouda attacks as it pursues you!
The gnoll bouda hits you with a +0 club.
* * * LOW HITPOINT WARNING * * *
The gnoll bouda attacks as it pursues you!
The gnoll bouda hits you with a +0 club!
* * * LOW HITPOINT WARNING * * *
The gnoll bouda gazes fiercely through you!
You feel as though you will be weak longer.
There is a stone staircase leading up here.
The gnoll bouda hits you but does no damage.
You climb upwards.
There is a stone staircase leading down here.
You are too injured to fight recklessly!
You are too injured to fight recklessly!
You hit the gnoll bouda.
Your weapon exudes an aura of protection.
The gnoll bouda is heavily wounded.
The gnoll bouda hits you with a +0 club.
* * * LOW HITPOINT WARNING * * *
You hit the gnoll bouda.
You bite the gnoll bouda, but do no damage.
The gnoll bouda is severely wounded.
The gnoll bouda hits you with a +0 club!
You die...

#.# ####..)....# #.#
#.######)...######## #.#
#...........############†#
########.#######.........#
####.#######.#########
####.#######.......#
####.#######.#####.#
########...######g### #.#
.........#......@.###
#.#########
########...######.###
#.>........
####.#######.#####.##.#####.
####)#######..)..<.##.# #.
####.#######.#.#.####.# #.
####.#######..###...#.# #.
####.#########.#......# #.
####...########.#.....# #.
#.#.#### #.......# #.


You could see a gnoll bouda.

Vanquished Creatures
  A scorpion (D:4)
  2 hounds (D:4)
  2 orc priests
  Jessica (D:3)
  An orc wizard (D:4)
  A scorpion zombie (D:3)
  A hound skeleton (D:3)
  3 gnolls (D:4)
  3 adders
  An adder skeleton (D:3)
  An adder zombie (D:3)
  A worm (D:3)
  9 orcs
  7 ball pythons
  3 bats
  10 endoplasms
  4 giant cockroaches
  3 goblins (D:1)
  7 hobgoblins
  7 kobolds
  A quokka (D:4)
  A ball python skeleton (D:3)
  2 frilled lizards
  A quokka skeleton (D:3)
  A quokka zombie (D:3)
  6 rats
80 creatures vanquished.

Notes
Turn   | Place    | Note
-------+----------+-------------------------------------------
     0 | D:1      | shadizar the Gnoll Reaver began the quest for the Orb.
     0 | D:1      | Reached XP level 1. HP: 20/20 MP: 6/6
   237 | D:1      | Reached XP level 2. HP: 22/26 MP: 7/7
   876 | D:2      | Found Jukk's Armour Shoppe.
   892 | D:2      | Reached skill level 5 in Spellcasting
   892 | D:2      | Reached XP level 3. HP: 31/31 MP: 7/9
   930 | D:2      | Found a transporter.
   935 | D:2      | Found Unutatt's Antique Weapon Shop.
   939 | D:2      | Found a transporter.
   978 | D:2      | Found Gighut's Antique Armour Shoppe.
  1080 | D:2      | Reached skill level 1 in Invocations
  1219 | D:2      | Found Baoruura's General Store.
  1567 | D:3      | Found Jailont's Antique Weapon Shop.
  1576 | D:2      | Reached skill level 1 in Short Blades
  1576 | D:2      | Reached skill level 1 in Axes
  1576 | D:2      | Reached skill level 1 in Maces & Flails
  1576 | D:2      | Reached skill level 1 in Polearms
  1576 | D:2      | Reached skill level 1 in Staves
  1576 | D:2      | Reached skill level 1 in Ranged Weapons
  1576 | D:2      | Reached skill level 1 in Throwing
  1576 | D:2      | Reached skill level 1 in Armour
  1576 | D:2      | Reached skill level 1 in Stealth
  1576 | D:2      | Reached skill level 1 in Shields
  1576 | D:2      | Reached skill level 1 in Unarmed Combat
  1576 | D:2      | Reached skill level 1 in Evocations
  1673 | D:3      | Reached skill level 1 in Shapeshifting
  1673 | D:3      | Reached XP level 4. HP: 10/38 MP: 11/11
  1813 | D:3      | Noticed Jessica
  1818 | D:3      | Killed Jessica
  1819 | D:3      | Reached skill level 1 in Hexes
  1819 | D:3      | Reached skill level 1 in Summonings
  1819 | D:3      | Reached skill level 1 in Necromancy
  1819 | D:3      | Reached skill level 1 in Translocations
  1819 | D:3      | Reached skill level 1 in Fire Magic
  1819 | D:3      | Reached skill level 1 in Ice Magic
  1819 | D:3      | Reached skill level 1 in Air Magic
  1819 | D:3      | Reached skill level 1 in Earth Magic
  1819 | D:3      | Reached skill level 1 in Alchemy
  1988 | D:3      | Found a faded altar of an unknown god.
  2004 | D:3      | Reached XP level 5. HP: 32/43 MP: 12/12
  2718 | D:4      | Reached XP level 6. HP: 20/50 MP: 14/14
  3046 | D:4      | Found a basalt altar of Yredelemnul.
  3137 | D:4      | Reached skill level 5 in Fighting
  3137 | D:4      | Reached skill level 5 in Dodging
  3850 | D:4      | Noticed Menkaure
  3920 | D:3      | Slain by a gnoll bouda

Illustrated notes

Levels and vault maps discovered:
D:1:      erik_arrival_blinker_ship, layout_basic, minmay_misc_feat_diagonals,
          serial_park_tiny_pond, hangedman_glass_teeth
D:2:      layout_loops_ring, serial_shops, nicolae_shop_drivethru,
          nicolae_shop_gibbet_a_chance, shop, shop
D:3:      layout_loops_ring, serial_shops, nicolae_square_shop,
          chequers_ecumenical_altar_twisty, serial_undead, serial_undead_a,
          serial_undead_e, serial_undead_b, serial_undead_d, uniq_jessica
D:4:      layout_loops_corners, yredelemnul_altar_generic, uniq_menkaure

Skill      XL: |  1  2  3  4  5  6 |
---------------+-------------------+-----
Spellcasting   | 5 |  5.5
Invocations    | 1 2 |  2.5
Short Blades   | 1 2 |  2.2
Axes           | 1 2 |  2.2
Maces & Flails | 1 2 |  2.2
Polearms       | 1 2 |  2.2
Staves         | 1 2 |  2.2
Ranged Weapons | 1 2 |  2.2
Throwing       | 1 2 |  2.2
Armour         | 1 2 |  2.2
Stealth        | 1 2 |  2.2
Shields        | 1 2 |  2.2
Unarmed Combat | 1 2 |  2.2
Evocations     | 1 2 |  2.2
Shapeshifting  | 1 2 |  2.0
Hexes          | 1 |  1.8
Summonings     | 1 |  1.8
Necromancy     | 1 |  1.8
Translocations | 1 |  1.8
Fire Magic     | 1 |  1.8
Ice Magic      | 1 |  1.8
Air Magic      | 1 |  1.8
Earth Magic    | 1 |  1.8
Alchemy        | 1 |  1.8
Fighting       | 5 |  5.1
Dodging        | 5 |  5.1
Long Blades    | |  6.9
Conjurations   | |  5.7

Action                     |  1- 3 |  4- 6 || total
---------------------------+-------+-------++-------
  Melee: Falchion          |   117 |    37 ||   154
         Bite              |     9 |    15 ||    24
         Mace              |       |   108 ||   108
         Punch             |       |     1 ||     1
  Throw: Boomerang         |     5 |    56 ||    61
    Use: Scroll            |       |     8 ||     8
 Armour: Leather armour    |    54 |    39 ||    93
         Chain mail        |       |    84 ||    84
  Dodge: Dodged            |    78 |    69 ||   147

Table legend: (Time is in decaauts)
 A = Elapsed time spent in this place.
 B = Non-inter-level travel time spent in this place.
 C = Inter-level travel time spent in this place.
 D = Time resting spent in this place.
 E = Time spent auto-exploring this place.
 F = Levels seen in this place.
 G = Mean time per level.
                   A        B        C        D        E       F      G
               +--------+--------+--------+--------+--------+-----+--------+
         Total |   3961 |   3902 |     59 |      0 |   2947 |   4 |  990.2 |
       Dungeon |   3961 |   3902 |     59 |      0 |   2947 |   4 |  990.2 |
               +--------+--------+--------+--------+--------+-----+--------+

Top non-repeatable levels by time:
     D:4: 1265 daAuts
     D:3: 1101 daAuts
     D:1: 827 daAuts
     D:2: 767 daAuts
